 Dungeon Crawl Stone Soup version 0.17.0-26-gececa24 (webtiles) character file.

1626466 inmateoo the Fencer (level 25, 197/197 HPs)
             Began as a Mummy Fighter on Nov 20, 2015.
             Was the Champion of Yredelemnul.
             Escaped with the Orb
             ... and 3 runes!
             The game lasted 02:44:07 (70462 turns).

inmateoo the Fencer (Mummy Fighter)                Turns: 70462, Time: 02:44:08

Health: 197/197    AC: 34    Str: 31    XL:     25   Next: 55%
Magic:  62/62      EV: 17    Int: 12    God:    Yredelemnul [******]
Gold:   4155       SH: 29    Dex: 21    Spells: 10 memorised, 26 levels left

rFire  + . .     SeeInvis +     n - +3 demon blade (elec)
rCold  + + +     Clarity  .     X - +8 plate armour "Hyqoxt" {rF+ rC+ MP+9 Str+2}
rNeg   + + +     SustAt   .     H - +7 large shield {reflect}
rPois  ∞         Gourm    .     M - +0 Maxwell's etheric cage {RegenMP *Contam rElec MP+4}
rElec  +         Spirit   +     v - +0 cloak of the Tundras {MR+ rCorr}
rCorr  +         Warding  .     w - +1 pair of gloves of Sloth {MP+9 Dex+4}
rMut   .         Stasis   .     K - +2 pair of boots "Luesk" {rC+ Regen+}
MR     ++++.                    A - amulet of guardian spirit
Stlth  ..........               U - ring of Noyxzuah {rF+ Dex+5}
                                C - ring of the Octopus King {AC+1 EV+1 Str+1 Int+1 Dex+1 SInv}

@: contaminated, glowing, incredibly resistant to hostile enchantments,
extremely unstealthy
A: no food or potions, fire vulnerability, cold resistance 1, negative energy
resistance 3, torment resistance, unbreathing, in touch with death 1, restore
body
a: Self-Restoration, Recall Undead Slaves, Injury Mirror, Animate Dead, Drain
Life, Enslave Soul, Renounce Religion
0: Orb of Zot
}: 3/15 runes: decaying, abyssal, gossamer


You escaped.
You worshipped Yredelemnul.
Yredelemnul was exalted by your worship.
You were not hungry.

You visited 11 branches of the dungeon, and saw 56 of its levels.
You visited the Abyss 1 time.
You visited 1 bazaar.
You also visited: Sewer and Ice Cave.

You collected 8933 gold pieces.
You spent 4778 gold pieces at shops.

Inventory:

Hand Weapons
 a - a +9 long sword of freezing
 n - a +3 demon blade of electrocution (weapon)
 t - a +4 scimitar of flaming
Armour
 v - the +0 cloak of the Tundras (worn) {MR+ rCorr}
   (You acquired it on level 3 of the Swamp)

   It affects your resistance to hostile enchantments.
   It protects you from acid and corrosion.
 w - the +1 pair of gloves of Sloth (worn) {MP+9 Dex+4}
   (You acquired it on level 4 of the Orcish Mines)

   It affects your dexterity (+4).
   It affects your magic capacity (+9).
 H - a +7 large shield of reflection (worn)
 K - the +2 pair of boots "Luesk" (worn) {rC+ Regen+}
   (You found it on level 5 of the Depths)

   It protects you from cold.
   It increases your rate of regeneration.
 M - the +0 Maxwell's etheric cage (worn) {RegenMP *Contam rElec MP+4}
   (You bought it in a shop in a bazaar)

   It insulates you from electricity.
   It affects your magic capacity (+4).
   It causes magical contamination when unequipped.
 X - the +8 plate armour "Hyqoxt" (worn) {rF+ rC+ MP+9 Str+2}
   (You found it on level 1 of the Swamp)

   It affects your strength (+2).
   It protects you from fire.
   It protects you from cold.
   It affects your magic capacity (+9).
Rods
 s - a +6 rod of inaccuracy (14/14)
   (You took it off a mottled draconian on level 5 of the Realm of Zot)
 J - a +9 iron rod (17/17)
   (You bought it in a shop in a bazaar)
Jewellery
 b - an uncursed ring of ice
 d - an uncursed ring of fire
 e - an uncursed ring of flight
 p - an uncursed amulet of regeneration
 A - an amulet of guardian spirit (around neck)
 C - a ring of the Octopus King (left hand) {AC+1 EV+1 Str+1 Int+1 Dex+1 SInv}
   (You found it on level 3 of the Crypt)

   [ring of see invisible]

   It affects your AC (+1).
   It affects your evasion (+1).
   It affects your strength (+1).
   It affects your intelligence (+1).
   It affects your dexterity (+1).
   It lets you see invisible.
 I - an uncursed amulet of resist mutation
 L - an uncursed amulet of resist corrosion
 N - an uncursed ring of protection from fire
 O - an uncursed ring of protection from cold
 P - an uncursed ring of sustain attributes
 U - the ring of Noyxzuah (right hand) {rF+ Dex+5}
   (You found it on level 3 of the Elven Halls)

   [ring of protection from fire]

   It affects your dexterity (+5).
   It protects you from fire.
 V - the ring "Matovij" {rElec EV+5}
   (You found it on level 5 of the Depths)

   [ring of evasion]

   It affects your evasion (+5).
   It insulates you from electricity.
Wands
 c - a wand of disintegration (3)
 g - a wand of draining (4)
 l - a wand of digging (10)
 m - a wand of digging (9)
 r - a wand of lightning (11)
 u - a wand of draining (1)
 x - a wand of teleportation (8)
 D - a wand of invisibility (3)
 E - a wand of enslavement (7)
 F - a wand of fire (1)
 T - a wand of disintegration (8)
 W - a wand of heal wounds (7)
Scrolls
 f - 6 scrolls of magic mapping
 h - 6 scrolls of identify
 i - 21 scrolls of remove curse
 k - 6 scrolls of fog
 o - 2 scrolls of silence
 q - 5 scrolls of teleportation
 y - 4 scrolls of fear
 z - 2 scrolls of recharging
Miscellaneous
 G - a phial of floods
 R - a fan of gales
 Y - a box of beasts {used: 7}
 Z - a box of beasts {used: 3}


   Skills:
 + Level 15.8 Fighting
 * Level 18.4 Long Blades
 + Level 13.6 Armour
 + Level 12.4 Dodging
 + Level 13.7 Shields
 - Level 15.0 Spellcasting
 - Level 5.3 Charms
 * Level 13.1 Translocations
 - Level 2.3 Air Magic
 - Level 11.2 Invocations
 * Level 11.1 Evocations


You had 26 spell levels left.
You knew the following spells:

 Your Spells              Type           Power        Failure   Level  Hunger
a - Apportation           Tloc           #####.....   1%          1    N/A
b - Infusion              Chrm           ###...       21%         1    N/A
c - Shroud of Golubria    Chrm/Tloc      ####......   10%         2    N/A
d - Song of Slaying       Chrm           ###.....     30%         2    N/A
e - Spectral Weapon       Hex/Chrm       ###.....     99%         3    N/A
f - Blink                 Tloc           N/A          1%          2    N/A
g - Deflect Missiles      Chrm/Air       ###.......   100%        6    N/A
h - Phase Shift           Tloc           #####.....   24%         5    N/A
i - Passage of Golubria   Tloc           N/A          10%         4    N/A
j - Repel Missiles        Chrm/Air       ###...       58%         2    N/A

Dungeon Overview and Level Annotations

Branches:
Dungeon (15/15)            Temple (1/1) D:5            Lair (8/8) D:10
  Swamp (4/4) Lair:5       Spider (4/4) Lair:5        Slime (0/6) Lair:7
    Orc (4/4) D:11            Elf (3/3) Orc:3        Vaults (4/5) D:13
  Crypt (3/3) Vaults:2       Tomb (0/3) Crypt:3      Depths (5/5) D:15
    Zot (5/5) Depths:5

Altars:
Ashenzari
Cheibriados
Dithmenos
Elyvilon
Fedhas
Gozag
Kikubaaqudgha
Makhleb
Nemelex Xobeh
Okawaru
Qazlal
Ru
Sif Muna
Trog
Vehumet
Xom
Yredelemnul
Zin
The Shining One
Beogh
Lugonu

Shops:
D:4 ?*[:   Orc:1 [   Orc:3 %   Orc:4 *?[!   Elf:1 %   Elf:3 %   Depths:5 (}

Portals:
Hell: Depths:1 Depths:2 Depths:3 Depths:4 Depths:5
Abyss: Depths:1 Depths:3 Depths:4
Pandemonium: Depths:3 Depths:4
Ziggurat: Depths:3
Trove: Vaults:3 (give 19 scrolls of identify)

Annotations:
Elf:2 5 runed doors


Innate Abilities, Weirdness & Mutations

You do not eat or drink.
Your flesh is vulnerable to fire.
You are immune to poison.
Your flesh is cold resistant.
You are immune to negative energy.
You are immune to unholy pain and torment.
You can survive without breathing.
You are in touch with the powers of death.
You can restore your body by infusing magical energy.


Message History

You climb upwards.
There is a stone staircase leading down here.
There is a stone staircase leading up here.
You climb upwards.
There is a stone staircase leading down here.
You see here a ring mail.
A bat comes into view.
Evoke which item? (* to show all) (? for menu, Esc to quit)
Zapping:
m - a wand of digging (10)
Press: ? - help, Shift-Dir - straight line The rock shatters into small pieces.
This wand has 9 charges left.
The bat completely misses you. You block the bat's attack.
You block the bat's attack. You block the bat's attack.
You block the bat's attack. You block the bat's attack.
There is a staircase leading out of the dungeon here.
You block the bat's attack.
You have escaped!

.....)...###################
.##......#............)...##
.##......#.#########(####.##
.........#.#............#.##
.##......#.#.####'#####.#.## ###
.........#.#.#........#.#.#####..
.##.....##.#.#.######.#.#.#......
.........#.#.#.#....#.#.#.#.###..
.........#.#.#.#@.#.#.#.#.### ###
.##...#..#.#.#..###)#.#.#.## #.
.##......#.#.#......#.#.#.## #.
.##......#.#..#######.#.#.######.
.........#.#..........#.#.#...#..
.........#..######+####.#.#.....#
.##...#.##..............#.#.)..##
###.#.....#'#############.##..##
# #.#.....................##.##


There were no monsters in sight!

Vanquished Creatures
  3 ancient liches
  A juggernaut (Depths:5)
  A curse toe (Zot:5)
  A Killer Klown (Zot:5)
  2 liches
  6 golden dragons
  A hellephant (Depths:1)
  2 electric golems (Zot:5)
  11 tentacled monstrosities
  3 deep elf blademasters (Elf:3)
  12 Orb Guardians (Zot:5)
  7 death cobs
  An Executioner (Abyss:3)
  3 tentacled starspawn (Abyss:3)
  Gastronok (D:8)
  3 sphinxes
  4 storm dragons
  5 tengu reavers
  3 shadow dragons
  2 draconian monks (Zot:5)
  An azure jelly (Swamp:4)
  4 frost giants
  3 draconian knights (Zot:5)
  5 draconian scorchers
  2 fire giants
  7 deep elf sorcerers (Elf:3)
  A curse skull (Crypt:1)
  4 vault wardens
  2 draconian shifters
  6 draconian zealots
  5 ghouls
  4 very ugly things
  6 stone giants
  6 draconian annihilators
  9 ironheart preservers
  A war gargoyle (Vaults:4)
  A reaper (Depths:4)
  6 draconian callers
  3 green draconians
  The ghost of Turgon the Martial Artist, a journeyman OpTm of Ashenzari (Elf:1)
  2 vampire knights
  6 yellow draconians
  8 red draconians
  3 black draconians
  2 deep elf annihilators (Elf:3)
  Azrael (D:13)
  8 purple draconians
  5 deep elf demonologists
  5 mottled draconians
  2 salamander stormcallers
  4 white draconians
  4 jiangshi
  9 vault guards
  A crystal guardian (Vaults:4)
  A green death (Abyss:3)
  7 deep elf death magi
  3 fire dragons
  3 great orbs of eyes
  8 ettins
  An eidolon (Crypt:2)
  8 deep elf high priests (Elf:3)
  Fannar (D:10)
  13 ice dragons
  5 yaktaur captains
  10 hydras
  4 entropy weavers
  A naga warrior (Abyss:1)
  Erolcha (D:12)
  An alligator (Swamp:1)
  2 death knights (Crypt:1)
  6 centaur warriors
  6 ogre magi
  5 rakshasas
  A merfolk aquamancer (Depths:5)
  A dancing weapon (Elf:2)
  A tengu warrior (D:15)
  3 deep troll earth magi
  4 deep troll shamans
  6 death yaks
  5 vampire magi
  4 hell knights
  Sonja (D:11)
  A soul eater (D:6)
  A salamander mystic (Depths:5)
  A titan skeleton (Crypt:2)
  A sun demon (Depths:4)
  5 wretched stars
  A spatial maelstrom (Abyss:3)
  A skeletal warrior (Crypt:3)
  A fire crab (Vaults:1)
  4 deep trolls
  12 deep elf knights
  A shadow wraith (Crypt:3)
  8 orc knights
  2 giant orange brains
  2 swamp dragons
  7 phantasmal warriors
  A gelid demonspawn (Depths:4)
  5 flayed ghosts
  4 deep elf conjurers
  10 deep elf summoners
  An unseen horror (shapeshifter) (Elf:2)
  12 wizards
  4 hill giants
  An orb spider (Spider:1)
  3 unseen horrors
  A harpy (Vaults:4)
  18 ugly things
  6 necromancers
  6 griffons
  2 orc sorcerers
  12 elephants
  6 wolf spiders
  An oklob plant (Orc:4)
  3 hornets
  13 moths of wrath
  A titan simulacrum (Crypt:1)
  3 cyclopes
  A naga mage (D:15)
  5 vault sentinels
  6 fire giant skeletons (Crypt:3)
  11 black mambas
  Joseph (D:8)
  An ice statue (IceCv)
  A salamander (Depths:5)
  3 smoke demons
  3 apocalypse crabs
  5 gargoyles
  An eye of devastation (Abyss:3)
  24 spiny frogs
  An efreet (D:13)
  A guardian serpent (Abyss:1)
  A spiny frog (shapeshifter) (Vaults:1)
  2 spectral swamp worms (Depths:3)
  A demonic crawler (Spider:4)
  25 yaktaurs
  2 freezing wraiths
  5 deep elf priests
  A hellion (Abyss:3)
  A yaktaur skeleton (Vaults:3)
  2 jumping spiders
  A harpy zombie (Crypt:2)
  2 catoblepas skeletons
  2 ancient zymes
  A troll (shapeshifter) (Elf:2)
  A purple draconian skeleton (Crypt:2)
  A blue devil (Abyss:1)
  2 merfolk
  A red devil (Depths:4)
  7 fire drakes
  2 tengu conjurers
  6 trolls
  12 komodo dragons
  A polar bear (Lair:6)
  8 slime creatures
  A giant leech (Swamp:4)
  2 sphinx simulacra (Vaults:1)
  18 two-headed ogres
  44 blink frogs
  5 boulder beetles
  A bog body (Swamp:3)
  29 deep elf magi
  14 raiju
  A trapdoor spider zombie (Crypt:1)
  An ettin skeleton (Crypt:3)
  14 redbacks
  6 water elementals
  5 wraiths
  4 vampires
  2 spriggans
  9 trapdoor spiders
  11 tarantellas
  A black mamba zombie (Crypt:2)
  4 fire dragon skeletons
  3 flying skulls (Crypt:1)
  A human (D:13)
  2 basilisks
  2 ynoxinuls (Abyss:3)
  47 yaks
  6 hungry ghosts
  A salamander simulacrum (Vaults:2)
  2 wyverns
  11 vampire mosquitoes
  2 shadows (Crypt:3)
  A neqoxec (Abyss:3)
  A swamp worm simulacrum (Swamp:4)
  A yaktaur simulacrum (Vaults:1)
  3 hogs (D:13)
  3 wargs
  2 mottled dragons (D:14)
  7 soldier ants
  5 large abominations (Abyss:3)
  2 chaos spawn (Abyss:3)
  Edmund (D:6)
  7 hippogriffs
  7 insubstantial wisps
  A spatial vortex (Abyss:3)
  14 swamp worms
  20 deep elf fighters
  13 hydra simulacra (Swamp:4)
  7 wolves
  A naga (shapeshifter) (Depths:1)
  16 water moccasins
  A spiny frog zombie (Abyss:1)
  2 hell hounds (Abyss:3)
  2 nagas (Abyss:1)
  14 orc warriors
  A human simulacrum (Vaults:4)
  5 spiders
  A swamp drake (D:14)
  8 wasps
  14 porcupines
  A black bear (shapeshifter) (Depths:1)
  2 phantoms
  A human zombie (Vaults:4)
  A black bear (Lair:6)
  An eye of draining (D:8)
  7 necrophages
  29 ogres
  A blink frog zombie (Crypt:2)
  5 sky beasts
  An eye of draining (shapeshifter) (Abyss:2)
  3 boggarts
  10 ice beasts
  14 centaurs
  4 big kobolds
  8 sheep
  15 crocodiles
  A brain worm (D:10)
  Blork the orc (D:6)
  A gnoll sergeant (D:10)
  A glowing shapeshifter simulacrum (Vaults:1)
  27 giant frogs
  A wyvern zombie (D:13)
  An ogre simulacrum (Vaults:1)
  15 killer bees
  4 scorpions
  5 small abominations
  3 wights
  A vampire bat (Lair:3)
  6 crimson imps
  5 electric eels
  A giant frog zombie (D:8)
  A quasit (D:10)
  8 orc wizards
  5 jellies
  A gnoll shaman (D:8)
  14 orc priests
  4 centaur skeletons
  An iron imp (Depths:4)
  3 giant frog skeletons
  Terence (D:3)
  13 hounds
  5 iguanas
  9 worker ants
  5 hell rats (Lair:6)
  2 killer bee zombies
  An ogre skeleton (Crypt:1)
  A tengu skeleton (Crypt:3)
  A hound skeleton (D:7)
  12 gnolls
  A worker ant zombie (D:6)
  12 adders
  57 river rats
  4 shadow imps
  A worker ant simulacrum (D:11)
  2 giant eyeballs
  5 ufetubi
  A swamp drake simulacrum (Swamp:4)
  2 adder skeletons
  An adder zombie (D:9)
  2 worms
  75 orcs
  4 giant cockroaches
  7 goblins
  7 hobgoblins
  18 jackals
  15 kobolds
  5 ball pythons
  17 bats
  12 giant geckos
  A giant gecko skeleton (D:6)
  A giant gecko zombie (D:6)
  6 giant newts
  A gnoll skeleton (Crypt:1)
  A hobgoblin zombie (Crypt:2)
  A jackal zombie (Crypt:2)
  2 orc skeletons
  10 rats
  A rat skeleton (Crypt:2)
  A bush (Bazaar)
  2 crawling corpses (Vaults:1)
  A lost soul (Crypt:3)
  A plant (Crypt:3)
  3 starspawn tentacles (Abyss:3)
1585 creatures vanquished.

Vanquished Creatures (collateral kills)
  3 ancient liches
  3 orbs of fire (Zot:5)
  3 juggernauts
  Norris (Spider:3)
  Saint Roka (Depths:5)
  A curse toe (Zot:5)
  2 Killer Klowns
  2 golden dragons
  5 liches
  An electric golem (Zot:1)
  Jorgrun (Depths:2)
  7 tentacled monstrosities
  10 Orb Guardians
  A titan (Depths:3)
  The ghost of Noname the Carver, an adept DrWz of Makhleb (Swamp:3)
  4 sphinxes
  A thorn hunter (Swamp:1)
  A tentacled starspawn (Abyss:3)
  Agnes (Spider:4)
  A quicksilver dragon (Depths:5)
  Kirke (D:13)
  2 draconian monks (Zot:3)
  3 tengu reavers
  10 storm dragons
  A shadow dragon (Depths:3)
  Wiglaf (Spider:4)
  4 ghost moths
  2 revenants
  4 fire giants
  An orc warlord (Depths:5)
  4 vault wardens
  2 deep elf sorcerers
  3 draconian knights
  3 frost giants
  Aizul (Spider:4)
  A draconian zealot (Zot:3)
  A curse skull (Crypt:3)
  4 draconian scorchers
  6 emperor scorpions
  6 ironheart preservers
  4 war gargoyles
  11 ghouls
  2 draconian shifters
  4 very ugly things
  A draconian annihilator (Zot:4)
  3 spriggan defenders
  6 stone giants
  A reaper (Crypt:2)
  A salamander firebrand (Depths:5)
  2 draconian callers
  6 green draconians
  8 deep elf annihilators
  6 vampire knights
  6 white draconians
  The ghost of BLOAX the Cleaver, a journeyman GrFi of Cheibriados (Spider:2)
  8 mottled draconians
  A deep elf demonologist (Vaults:3)
  5 yellow draconians
  6 purple draconians
  2 red draconians
  3 eidola
  5 deep elf death magi
  7 ettins
  6 yaktaur captains
  A quicksilver dragon zombie (Crypt:1)
  10 fire dragons
  4 deep elf high priests (Elf:3)
  12 vault guards
  3 rakshasas
  6 ice dragons
  2 great orbs of eyes (Depths:5)
  9 jiangshi
  7 entropy weavers
  2 ghost crabs
  A catoblepas (D:15)
  2 spriggan air magi (Depths:5)
  An alligator (Swamp:1)
  A death knight (Depths:5)
  7 death yaks
  9 hydras
  5 deep troll earth magi
  9 deep troll shamans
  2 tengu warriors
  3 centaur warriors
  A queen ant (Spider:4)
  12 ogre magi
  4 vampire magi
  A titan zombie (Crypt:3)
  3 spriggan berserkers (Depths:5)
  A fire crab (Vaults:2)
  3 iron trolls
  2 soul eaters
  3 shadow wraiths
  6 skeletal warriors
  A spriggan druid (Swamp:3)
  17 deep trolls
  4 small abominations
  7 deep elf knights
  3 deep elf summoners
  2 giant orange brains
  6 hill giants
  A storm dragon skeleton (Crypt:1)
  15 phantasmal warriors
  6 flayed ghosts
  2 swamp dragons (Swamp:2)
  21 hell knights
  13 wizards
  3 shambling mangroves
  A harpy (shapeshifter) (Vaults:2)
  14 wolf spiders
  4 orc knights
  4 deep elf conjurers
  An orb spider (shapeshifter) (Depths:3)
  4 griffons
  12 ironbrand convokers
  5 harpies
  An iron dragon zombie (Crypt:3)
  2 wolf spider zombies
  15 necromancers
  5 ugly things
  9 orb spiders
  7 moths of wrath
  An orc sorcerer (Depths:5)
  7 hornets
  2 fire giant zombies
  A salamander (shapeshifter) (Elf:1)
  7 cyclopes
  3 oklob plants (Lair:7)
  An apocalypse crab (Abyss:2)
  6 fire giant skeletons
  8 elephants
  A black mamba (shapeshifter) (Elf:3)
  2 salamanders (Depths:5)
  10 vault sentinels
  4 centaur zombies
  5 black mambas
  A titan simulacrum (Crypt:2)
  An ice statue (IceCv)
  3 centaur skeletons
  6 gargoyles
  3 kobold demonologists
  A purple draconian zombie (Crypt:1)
  An emperor scorpion zombie (Crypt:3)
  3 spectral swamp worms (Depths:3)
  A yellow draconian zombie (Crypt:1)
  8 spiny frogs
  A red devil (Depths:4)
  A hellwing (Depths:4)
  2 komodo dragons
  A fire drake (Lair:8)
  A catoblepas skeleton (Crypt:3)
  5 demonic crawlers
  A tormentor (Abyss:3)
  23 yaktaurs
  A fire drake (shapeshifter) (Vaults:3)
  3 deep elf priests
  An ancient zyme (Abyss:3)
  12 freezing wraiths
  3 large abominations
  11 jumping spiders
  8 trolls
  6 bog bodies
  6 boulder beetles
  A merfolk (Depths:5)
  A wind drake (shapeshifter) (Vaults:1)
  A raiju (shapeshifter) (Vaults:3)
  A fire giant simulacrum (Abyss:3)
  4 giant leeches
  7 slime creatures
  17 two-headed ogres
  8 blink frogs
  2 tengu simulacra (Vaults:3)
  18 trapdoor spiders
  A raiju (Abyss:3)
  A flying skull (Abyss:3)
  7 vampires
  21 orc warriors
  3 fire dragon skeletons
  14 yaks
  2 wyverns
  46 redbacks
  2 hungry ghosts (Crypt:3)
  A water elemental (Depths:4)
  5 shadows
  3 hippogriffs
  15 tarantellas
  13 deep elf magi
  4 fire elementals (D:13)
  15 deep elf fighters
  5 spriggans
  7 wraiths
  19 vampire mosquitoes
  A fire bat (shapeshifter) (Vaults:2)
  A steam dragon (Lair:7)
  4 swamp worm simulacra (Swamp:4)
  11 humans (Vaults:4)
  6 wargs
  8 swamp worms
  10 insubstantial wisps
  14 soldier ants (Spider:4)
  3 mottled dragons
  A hydra simulacrum (Swamp:4)
  A merfolk skeleton (Crypt:3)
  3 water moccasins
  An orb spider zombie (Crypt:2)
  A brain worm (Lair:8)
  An ice beast (D:11)
  A porcupine (Lair:2)
  An ettin simulacrum (Crypt:1)
  4 swamp drakes
  7 wasps
  15 spiders
  3 necrophages
  2 boggarts (Vaults:2)
  6 centaurs
  31 ogres
  A big kobold (shapeshifter) (Vaults:2)
  4 giant frogs
  A crocodile (Lair:7)
  5 big kobolds
  A scorpion (D:14)
  A cyclops skeleton (Crypt:1)
  9 wights
  6 killer bees
  An electric eel (Spider:4)
  2 human simulacra
  4 crimson imps
  A quasit (Abyss:2)
  A jelly (Lair:7)
  A giant frog skeleton (Crypt:2)
  An iguana (D:10)
  16 worker ants
  2 iron imps
  12 orc priests
  16 orc wizards
  A boulder beetle simulacrum (Vaults:2)
  4 river rats
  A giant eyeball (Depths:5)
  An ufetubus (Depths:4)
  2 swamp drake simulacra (Swamp:4)
  82 orcs
  A gnoll skeleton (Crypt:1)
  A goblin (Vaults:4)
  A kobold (D:13)
  An orc skeleton (Crypt:1)
  11 briar patches (Swamp:1)
  A bush (Lair:7)
  A butterfly (Lair:7)
  4 crawling corpses (Vaults:1)
  7 fungi (Lair:8)
  2 lost souls (Crypt:3)
  11 plants
  A starspawn tentacle (Abyss:3)
1302 creatures vanquished.

Vanquished Creatures (others)
  2 bone dragons
  4 profane servitors
  A deep elf master archer (Elf:3)
  A draconian scorcher (Depths:5)
  2 ghouls (Vaults:3)
  An ironheart preserver (Vaults:3)
  3 stone giants
  10 vampire knights
  A deep elf annihilator (Elf:3)
  A mottled draconian (Zot:5)
  An eidolon (Vaults:2)
  An ice dragon (Depths:1)
  A deep troll earth mage (Vaults:3)
  2 ogre magi
  A storm dragon zombie (Zot:5)
  A deep elf knight (Elf:1)
  A giant orange brain (Depths:1)
  10 skeletal warriors
  6 flayed ghosts
  A storm dragon skeleton (Zot:5)
  A hell knight (Vaults:4)
  12 phantasmal warriors
  An ironbrand convoker (Vaults:2)
  A shadow dragon skeleton (Abyss:1)
  A draconian zombie (Zot:5)
  A centaur zombie (D:15)
  A death yak zombie (Lair:8)
  A yellow draconian skeleton (Zot:5)
  2 hydra zombies (Lair:7)
  5 yaktaurs
  A mottled draconian skeleton (Zot:5)
  A moth of wrath zombie (Zot:5)
  An ice dragon zombie (Zot:5)
  9 vampires
  4 wraiths
  A spectral cyclops (D:15)
  A redback (Spider:1)
  A black mamba skeleton (Lair:7)
  4 humans
  7 spiny frog zombies
  A spider (Spider:1)
  6 elephant zombies (Lair:7)
  3 blink frog zombies (Lair:8)
  2 orc warriors
  An ogre (Vaults:3)
  A centaur (Depths:1)
  A small abomination (Abyss:3)
  2 vampire mosquito zombies (Lair:8)
  A fire drake zombie (Lair:8)
  A komodo dragon zombie (Lair:8)
  A water moccasin zombie (Lair:7)
  4 yak zombies (Lair:8)
  4 wights
  2 killer bees (D:13)
  An electric eel (Lair:8)
  4 giant frog zombies (Lair:8)
  A worker ant (D:13)
  2 mummies
  2 electric eel zombies (Lair:8)
  A fire vortex (Vaults:2)
  36 fungi
  9 lost souls
  A lurking horror (Abyss:2)
  57 plants
  18 starspawn tentacles (Abyss:3)
  172 starspawn tentacle segments (Abyss:3)
441 creatures vanquished.

Grand Total: 3328 creatures vanquished

Notes
Turn   | Place    | Note
--------------------------------------------------------------
     0 | D:1      | inmateoo the Mummy Fighter began the quest for the Orb.
     0 | D:1      | Reached XP level 1. HP: 18/18 MP: 1/1
   238 | D:1      | Reached XP level 2. HP: 24/24 MP: 2/2
   765 | D:2      | Reached XP level 3. HP: 29/29 MP: 3/3
  1518 | D:3      | Noticed Terence
  1531 | D:3      | Reached XP level 4. HP: 35/35 MP: 4/4
  1538 | D:3      | Killed Terence
  1597 | D:3      | Found a faded altar to an unknown god.
  1945 | D:3      | Reached XP level 5. HP: 37/41 MP: 5/5
  1952 | D:3      | Found a glowing silver altar of Zin.
  2018 | D:4      | Noticed a phantom
  2038 | D:4      | Killed a phantom
  2139 | D:4      | Reached XP level 6. HP: 48/48 MP: 6/6
  2161 | D:4      | Found Loteot's Armour Boutique.
  2164 | D:4      | Bought a +0 helmet for 54 gold pieces
  2183 | D:4      | Reached skill level 4 in Fighting
  2247 | D:4      | Noticed a necrophage
  2257 | D:4      | Noticed an ogre
  2257 | D:4      | Killed a necrophage
  2266 | D:4      | Killed an ogre
  2366 | D:4      | Noticed an ogre
  2376 | D:4      | Killed an ogre
  2376 | D:4      | Reached XP level 7. HP: 20/55 MP: 7/7
  2542 | D:4      | Found Umiok's Assorted Antiques.
  2565 | D:4      | Bought a scroll labeled DUXOEVUCKA for 27 gold pieces
  2575 | D:4      | Found Kaoxok's Magic Scroll Boutique.
  2579 | D:4      | Bought a scroll of enchant weapon for 97 gold pieces
  2673 | D:4      | Found Mypamm's Book Emporium.
  2968 | D:5      | Entered Level 5 of the Dungeon
  3035 | D:5      | Found a blossoming altar of Fedhas.
  3138 | D:5      | Found a shadowy altar of Dithmenos.
  3143 | D:5      | Reached skill level 5 in Long Blades
  3168 | D:5      | Found a staircase to the Ecumenical Temple.
  3248 | Temple   | Entered the Ecumenical Temple
  3648 | D:5      | Found a sacrificial altar of Ru.
  3674 | D:5      | Found a basalt altar of Yredelemnul.
  3699 | D:5      | Became a worshipper of Yredelemnul the Dark
  3800 | D:6      | Noticed Edmund
  3802 | D:6      | Noticed Blork the orc
  3818 | D:6      | Killed Edmund
  3828 | D:6      | Killed Blork the orc
  3828 | D:6      | Reached skill level 5 in Fighting
  3828 | D:6      | Reached XP level 8. HP: 32/62 MP: 8/8
  3840 | D:6      | Found a glowing drain.
  3907 | Sewer    | Entered a sewer
  4035 | Sewer    | Noticed Purgy
  4041 | Sewer    | Noticed Purgy
  4041 | Sewer    | Purgy changed into Purgy the porcupine
  4043 | Sewer    | Killed Purgy the porcupine
  4472 | D:6      | Found a shimmering altar of Xom.
  4534 | D:6      | Reached * piety under Yredelemnul
  4737 | D:6      | Reached skill level 6 in Long Blades
  5024 | D:7      | Noticed a troll
  5040 | D:7      | Killed a troll
  5478 | D:7      | Reached skill level 5 in Armour
  5478 | D:7      | Reached XP level 9. HP: 62/69 MP: 9/9
  5591 | D:7      | Found a deep blue altar of Sif Muna.
  5752 | D:7      | Reached skill level 5 in Shields
  6109 | D:8      | Noticed Gastronok
  6130 | D:8      | Killed Gastronok
  6130 | D:8      | Reached skill level 7 in Fighting
  6130 | D:8      | Reached skill level 8 in Long Blades
  6130 | D:8      | Reached XP level 10. HP: 75/79 MP: 10/10
  6196 | D:8      | Noticed Joseph
  6210 | D:8      | Killed Joseph
  6357 | D:8      | Reached ** piety under Yredelemnul
  6368 | D:8      | Found an iron altar of Okawaru.
  7269 | D:9      | Reached skill level 1 in Invocations
  7654 | D:9      | Got a polished chain mail
  7665 | D:9      | Identified the cursed +0 chain mail of Terror {Dex+2} (You found it on level 9 of the Dungeon)
  7756 | D:9      | Reached skill level 9 in Long Blades
  7838 | D:10     | Entered Level 10 of the Dungeon
  8011 | D:10     | Found a staircase to the Lair.
  8113 | D:10     | Noticed Erica
  8116 | D:10     | Reached *** piety under Yredelemnul
  8127 | D:10     | Noticed Erica
  8127 | D:10     | Erica changed into Erica the merfolk
  8348 | D:10     | Noticed an unseen horror
  8369 | D:10     | Killed an unseen horror
  8369 | D:10     | Reached XP level 11. HP: 76/86 MP: 12/12
  8395 | D:10     | Killed Erica the merfolk
  8742 | D:10     | Noticed Fannar
  8812 | D:10     | Noticed a centaur warrior
  8838 | D:10     | Killed a centaur warrior
  9199 | Lair:1   | Entered Level 1 of the Lair of Beasts
  9199 | Lair:1   | Noticed a six-headed hydra
  9587 | Lair:1   | Killed a four-headed hydra
  9587 | Lair:1   | Reached skill level 10 in Long Blades
  9592 | Lair:1   | Received a gift from Yredelemnul
 10712 | Lair:2   | Reached **** piety under Yredelemnul
 10928 | Lair:2   | Reached XP level 12. HP: 66/95 MP: 15/15
 11447 | Lair:2   | Received a gift from Yredelemnul
 12094 | Lair:3   | Reached skill level 5 in Invocations
 12412 | Lair:3   | Received a gift from Yredelemnul
 12479 | Lair:3   | Reached skill level 11 in Long Blades
 12582 | Lair:3   | Noticed a four-headed hydra
 12590 | Lair:3   | Killed a one-headed hydra
 12660 | Lair:3   | Noticed a four-headed hydra
 12667 | Lair:3   | Killed a one-headed hydra
 12667 | Lair:3   | Reached skill level 1 in Evocations
 13023 | Lair:4   | Identified 3 scrolls of acquirement
 13211 | Lair:4   | Received a gift from Yredelemnul
 13440 | Lair:4   | Noticed a six-headed hydra
 13450 | Lair:4   | Killed a four-headed hydra
 14101 | Lair:4   | Reached ***** piety under Yredelemnul
 14260 | Lair:5   | Reached skill level 10 in Fighting
 14260 | Lair:5   | Gained mutation: You are in touch with the powers of death. [Mummy growth]
 14260 | Lair:5   | Gained mutation: You can restore your body by infusing magical energy. [Mummy growth]
 14260 | Lair:5   | Reached XP level 13. HP: 100/103 MP: 17/17
 14314 | Lair:5   | Noticed Nessos
 14378 | Lair:4   | Received a gift from Yredelemnul
 14827 | Lair:5   | Noticed Nessos
 14827 | Lair:5   | Nessos changed into Nessos the boulder beetle
 14832 | Lair:5   | Found a hole to the Spider Nest.
 15196 | Lair:5   | Killed Nessos the boulder beetle
 15279 | Lair:5   | Got a crystal rapier
 15280 | Lair:5   | Identified the cursed +0 rapier "Widowermaker" {pierce, rPois rF+ rC- rN+} (You found it on level 5 of the Lair of Beasts)
 16010 | Lair:5   | Found a staircase to the Swamp.
 16477 | Lair:5   | Received a gift from Yredelemnul
 17278 | Lair:6   | Learned a level 1 spell: Apportation
 17280 | Lair:6   | Learned a level 1 spell: Infusion
 17283 | Lair:6   | Learned a level 2 spell: Shroud of Golubria
 17286 | Lair:6   | Learned a level 2 spell: Song of Slaying
 17290 | Lair:6   | Learned a level 3 spell: Spectral Weapon
 17413 | Lair:6   | Reached skill level 1 in Spellcasting
 17413 | Lair:6   | Received a gift from Yredelemnul
 17954 | Lair:6   | Received a gift from Yredelemnul
 17989 | Lair:6   | Reached skill level 12 in Long Blades
 18664 | Lair:6   | Received a gift from Yredelemnul
 19062 | Lair:6   | Reached XP level 14. HP: 64/111 MP: 19/19
 19296 | Lair:7   | Received a gift from Yredelemnul
 19489 | Lair:7   | Found a staircase to the Slime Pits.
 19703 | Lair:7   | Received a gift from Yredelemnul
 20052 | Lair:7   | Identified the Guide on Damaging Flight
 20477 | Lair:8   | Entered Level 8 of the Lair of Beasts
 20856 | Lair:8   | Received a gift from Yredelemnul
 21376 | Lair:8   | Paralysed by a giant eyeball for 3 turns
 21527 | Lair:8   | Got a jewelled scimitar
 21528 | Lair:8   | Identified the cursed +2 scimitar "Cauxuun" {flame, *Drain rN++ Str+7} (You found it on level 8 of the Lair of Beasts)
 21586 | Lair:8   | Reached skill level 13 in Long Blades
 21723 | Lair:8   | Reached skill level 5 in Evocations
 21723 | Lair:8   | Received a gift from Yredelemnul
 22588 | D:10     | Killed Fannar
 22669 | D:11     | Found a staircase to the Orcish Mines.
 22716 | D:11     | Noticed Sonja
 22731 | D:11     | Killed Sonja
 22821 | D:11     | Reached XP level 15. HP: 114/119 MP: 21/21
 23041 | D:11     | Reached ****** piety under Yredelemnul
 23192 | D:11     | You fall through a shaft for 2 floors!
 23258 | D:13     | Noticed Kirke
 23268 | D:13     | Killed Kirke
 23327 | D:13     | Noticed Azrael
 23732 | D:12     | Received a gift from Yredelemnul
 23976 | D:12     | Reached skill level 1 in Dodging
 24096 | D:12     | Noticed Erolcha
 24099 | D:12     | Killed Erolcha
 24099 | D:12     | Received a gift from Yredelemnul
 25001 | D:13     | Received a gift from Yredelemnul
 25026 | D:13     | Found a gate to the Vaults.
 25418 | D:13     | Reached skill level 10 in Armour
 25443 | D:13     | Killed Azrael
 26509 | D:14     | Reached skill level 5 in Spellcasting
 26515 | D:14     | Received a gift from Yredelemnul
 26516 | D:14     | Reached skill level 10 in Shields
 27039 | D:15     | Entered Level 15 of the Dungeon
 27205 | D:15     | Received a gift from Yredelemnul
 27454 | D:15     | Reached skill level 1 in Charms
 27518 | D:15     | Found a staircase to the Depths.
 27636 | D:15     | Received a gift from Yredelemnul
 28143 | D:15     | Received a gift from Yredelemnul
 28358 | Orc:1    | Entered Level 1 of the Orcish Mines
 28503 | Orc:2    | Found a roughly hewn altar of Beogh.
 28750 | Orc:1    | Found a frozen archway.
 28756 | IceCv    | Entered an ice cave
 28779 | IceCv    | Reached XP level 16. HP: 117/127 MP: 24/24
 29065 | Orc:1    | Received a gift from Yredelemnul
 29066 | Orc:1    | Found Ruattil's Antique Armour Shoppe.
 29077 | Orc:1    | Received a gift from Yredelemnul
 29102 | Orc:1    | Bought a glowing helmet for 121 gold pieces
 29102 | Orc:1    | Bought a runed helmet for 121 gold pieces
 29401 | Orc:2    | Received a gift from Yredelemnul
 29563 | Orc:3    | Found a staircase to the Elven Halls.
 29658 | Orc:4    | Entered Level 4 of the Orcish Mines
 29701 | Orc:4    | Found Kewamnod's Magic Scroll Shoppe.
 29705 | Orc:4    | Found Ighoreatt's Distillery.
 29709 | Orc:4    | Received a gift from Yredelemnul
 29735 | Orc:4    | Found Couhuuf's General Store.
 29743 | Orc:4    | Bought a scroll of acquirement for 728 gold pieces
 29744 | Orc:4    | Got a pair of warped gloves
 29745 | Orc:4    | Identified the +1 pair of gloves of Sloth {MP+9 Dex+4} (You acquired it on level 4 of the Orcish Mines)
 29848 | Orc:4    | Found Warrof's Armour Shoppe.
 29873 | Orc:4    | Bought a +1 large shield of reflection for 202 gold pieces
 30086 | Orc:4    | Received a gift from Yredelemnul
 30380 | Orc:3    | Found Dim Jost's Food Shop.
 31179 | Spider:1 | Entered Level 1 of the Spider Nest
 31231 | Spider:1 | Received a gift from Yredelemnul
 31557 | Spider:1 | Reached skill level 14 in Long Blades
 31744 | Spider:1 | Got an ebony long sword
 31745 | Spider:1 | Identified the cursed +1 long sword "Zaremnur" {flame, MP+9} (You found it on level 1 of the Spider Nest)
 32000 | Spider:1 | Received a gift from Yredelemnul
 32184 | Spider:2 | Noticed BLOAX's ghost (journeyman GrFi)
 32195 | Spider:2 | Killed BLOAX's ghost
 32572 | Spider:2 | Received a gift from Yredelemnul
 33197 | Spider:3 | Received a gift from Yredelemnul
 33261 | Spider:3 | Noticed Norris
 33265 | Spider:3 | Killed Norris
 33393 | Spider:3 | Received a gift from Yredelemnul
 33411 | Spider:3 | Got a translucent ruby amulet
 33585 | Spider:4 | Entered Level 4 of the Spider Nest
 33669 | Spider:4 | Noticed Agnes
 33672 | Spider:4 | Noticed Wiglaf
 33676 | Spider:4 | Killed Agnes
 33686 | Spider:4 | Killed Wiglaf
 34063 | Spider:4 | Identified the amulet of Insomnia {Stasis Str+4} (You found it on level 3 of the Spider Nest)
 34130 | Spider:4 | Received a gift from Yredelemnul
 34266 | Spider:4 | Received a gift from Yredelemnul
 34274 | Spider:4 | Noticed Aizul
 34285 | Spider:4 | Killed Aizul
 34310 | Spider:4 | Received a gift from Yredelemnul
 34480 | Spider:4 | Received a gift from Yredelemnul
 34481 | Spider:4 | Reached XP level 17. HP: 116/135 MP: 26/26
 34494 | Spider:4 | Got a gossamer rune of Zot
 34750 | Swamp:1  | Entered Level 1 of the Swamp
 34809 | Swamp:1  | Got a faintly humming plate armour
 34810 | Swamp:1  | Identified the +8 plate armour "Hyqoxt" {rF+ rC+ MP+9 Str+2} (You found it on level 1 of the Swamp)
 34904 | Swamp:1  | Received a gift from Yredelemnul
 36111 | Swamp:3  | Got a smoking cloak
 36112 | Swamp:3  | Identified the +0 cloak of the Tundras {MR+ rCorr} (You acquired it on level 3 of the Swamp)
 36143 | Swamp:3  | Noticed Noname's ghost (adept DrWz)
 36158 | Swamp:3  | Killed Noname's ghost
 36372 | Swamp:4  | Entered Level 4 of the Swamp
 36633 | Swamp:4  | Received a gift from Yredelemnul
 36633 | Swamp:4  | Reached skill level 5 in Dodging
 37105 | Swamp:4  | Got a decaying rune of Zot
 37443 | Vaults:1 | Entered Level 1 of the Vaults
 37623 | Vaults:1 | Received a gift from Yredelemnul
 37886 | Vaults:1 | Received a gift from Yredelemnul
 38344 | Vaults:1 | Reached skill level 15 in Long Blades
 38824 | Vaults:1 | Reached skill level 5 in Charms
 38825 | Vaults:1 | Received a gift from Yredelemnul
 39331 | Vaults:2 | Reached XP level 18. HP: 143/143 MP: 29/29
 39379 | Vaults:2 | Received a gift from Yredelemnul
 39551 | Vaults:2 | Received a gift from Yredelemnul
 40106 | Vaults:2 | Found a staircase to the Crypt.
 40264 | Vaults:2 | Received a gift from Yredelemnul
 40741 | Vaults:3 | Received a gift from Yredelemnul
 41215 | Vaults:3 | Found a portal to a secret trove of treasure.
 42248 | Vaults:4 | Received a gift from Yredelemnul
 42259 | Vaults:4 | Received a gift from Yredelemnul
 42291 | Vaults:4 | Reached XP level 19. HP: 147/151 MP: 30/30
 42458 | Vaults:4 | Found a gateway to a bazaar.
 42555 | Bazaar   | Entered a bazaar
 42555 | Bazaar   | Found Jyteossu's Assorted Antiques.
 42555 | Bazaar   | Found Inykiluh's Gadget Shop.
 42555 | Bazaar   | Found Zeshraeh's Book Shop.
 42555 | Bazaar   | Found Aniovvy's Distillery.
 42572 | Bazaar   | Bought a +2 iron rod (11/11) for 990 gold pieces
 42574 | Bazaar   | Bought the +0 Maxwell's etheric cage {RegenMP *Contam rElec MP+4} for 425 gold pieces
 42574 | Bazaar   | Bought a scroll of teleportation for 99 gold pieces
 42686 | Vaults:4 | Received a gift from Yredelemnul
 42989 | Vaults:4 | Reached skill level 16 in Long Blades
 42989 | Vaults:4 | Reached skill level 10 in Invocations
 43072 | Vaults:4 | Received a gift from Yredelemnul
 43258 | Vaults:4 | Got a warped granite ring
 43618 | Vaults:4 | Identified the ring of Jumosm {rC- rN+ Str+3 Int+4} (You took it off a vault warden on level 4 of the Vaults)
 43697 | Crypt:1  | Entered Level 1 of the Crypt
 45887 | Crypt:3  | Entered Level 3 of the Crypt
 46163 | Crypt:3  | Reached XP level 20. HP: 122/160 MP: 31/31
 46308 | Crypt:3  | Identified the Compendium of Assistive Unholy Magic
 46311 | Crypt:3  | Got a ring of the Octopus King
 46314 | Crypt:3  | Identified a ring of the Octopus King {AC+1 EV+1 Str+1 Int+1 Dex+1 SInv} (You found it on level 3 of the Crypt)
 47163 | Crypt:3  | Found a staircase to the Tomb.
 47165 | Crypt:3  | Noticed an ancient lich
 47569 | Crypt:3  | Noticed a lich
 47580 | Crypt:3  | Killed a lich
 47748 | Crypt:3  | Killed an ancient lich
 47762 | Crypt:3  | Noticed a lich
 47766 | Crypt:3  | Noticed an ancient lich
 48065 | Crypt:3  | Killed an ancient lich
 48136 | Crypt:3  | Killed a lich
 48150 | Crypt:3  | Identified Nodytah's Grimoire of the Compass and the Birds
 48179 | Crypt:3  | Learned a level 2 spell: Blink
 48186 | Crypt:3  | Learned a level 6 spell: Deflect Missiles
 48362 | Crypt:3  | Received a gift from Yredelemnul
 48717 | Elf:1    | Entered Level 1 of the Elven Halls
 48755 | Elf:1    | Noticed Turgon's ghost (journeyman OpTm)
 48780 | Elf:1    | Killed Turgon's ghost
 48927 | Elf:1    | Reached skill level 17 in Long Blades
 48949 | Elf:1    | Got a smoking pewter ring
 48950 | Elf:1    | Identified the ring of Guungot {MP+9 Str+2 Int+3 Stlth-} (You found it on level 1 of the Elven Halls)
 49070 | Elf:1    | Received a gift from Yredelemnul
 49282 | Elf:1    | Found Gunenoat's Food Shoppe.
 50032 | Elf:2    | Reached skill level 1 in Translocations
 50164 | Elf:2    | Found a huge runed gate.
 50165 | Elf:2    | Found a huge runed gate.
 50170 | Elf:2    | Found a huge runed gate.
 50172 | Elf:2    | Found a huge runed gate.
 50172 | Elf:2    | Found a huge runed gate.
 50397 | Elf:3    | Entered Level 3 of the Elven Halls
 50409 | Elf:3    | Found Igeujid's Food Emporium.
 50974 | Elf:3    | Received a gift from Yredelemnul
 51163 | Elf:3    | Received a gift from Yredelemnul
 51264 | Elf:3    | Cast into the Abyss (deep elf sorcerer)
 51264 | Abyss:1  | Found a corrupted altar of Lugonu.
 51323 | Abyss:1  | Got a spiked chain mail
 51324 | Abyss:1  | Identified the +1 chain mail of Awe {MP+9} (You found it on level 1 of the Abyss)
 51532 | Abyss:1  | Reached XP level 21. HP: 165/167 MP: 33/33
 51958 | Abyss:2  | Paralysed by you for 4 turns
 52259 | Abyss:3  | Reached skill level 15 in Fighting
 52361 | Abyss:3  | Received a gift from Yredelemnul
 52455 | Abyss:3  | HP: 3/168 [tentacled starspawn (21)]
 52470 | Abyss:3  | HP: 7/168 [ancient zyme (5)]
 52700 | Abyss:3  | Found a corrupted altar of Lugonu.
 52727 | Abyss:3  | Got an abyssal rune of Zot
 53142 | Elf:3    | Escaped the Abyss
 53570 | Elf:3    | Identified the Guide on Noxious Attacks
 53629 | Elf:3    | Got a glittering steel ring
 53634 | Elf:3    | Identified the ring of Noyxzuah {rF+ Dex+5} (You found it on level 3 of the Elven Halls)
 53691 | Elf:3    | Identified the Almanac of Aerial Confrontation
 53787 | Elf:3    | Learned a level 5 spell: Phase Shift
 53886 | Elf:3    | Got a distressingly furry plate armour
 53887 | Elf:3    | Identified the +1 plate armour of the Ego {rF+ Str+4} (You found it on level 3 of the Elven Halls)
 53895 | Elf:3    | Got a scorched cloak
 53896 | Elf:3    | Identified the cursed +0 cloak of the Vaults {rPois Dex+3 Slay+3} (You found it on level 3 of the Elven Halls)
 54494 | D:4      | Bought a book of Spatial Translocations for 780 gold pieces
 54499 | D:4      | Learned a level 4 spell: Passage of Golubria
 55081 | Depths:1 | Entered Level 1 of the Depths
 55082 | Depths:1 | Found a gateway to a bazaar.
 55300 | Depths:1 | Found a gateway to Hell.
 55494 | Depths:1 | Found a one-way gate to the infinite horrors of the Abyss.
 56203 | Depths:2 | Received a gift from Yredelemnul
 56360 | Depths:2 | Received a gift from Yredelemnul
 56572 | Depths:2 | Reached skill level 5 in Translocations
 56613 | Depths:2 | Reached XP level 22. HP: 172/175 MP: 35/35
 56614 | Depths:2 | Received a gift from Yredelemnul
 56731 | Depths:2 | Received a gift from Yredelemnul
 56923 | Depths:2 | Reached skill level 10 in Dodging
 56952 | Depths:2 | Noticed Jorgrun
 56959 | Depths:2 | Killed Jorgrun
 57273 | Depths:3 | Reached skill level 10 in Spellcasting
 57376 | Depths:3 | Noticed a juggernaut
 57384 | Depths:3 | Noticed a juggernaut
 57397 | Depths:3 | Killed a juggernaut
 57402 | Depths:3 | Received a gift from Yredelemnul
 57684 | Depths:3 | Killed a juggernaut
 57728 | Depths:3 | Found a one-way gate leading to the halls of Pandemonium.
 57872 | Depths:3 | Found a gateway to a ziggurat.
 58431 | Depths:4 | Received a gift from Yredelemnul
 58431 | Depths:4 | Found a corrupted altar of Lugonu.
 59634 | Depths:5 | Entered Level 5 of the Depths
 59640 | Depths:5 | Received a gift from Yredelemnul
 59698 | Depths:5 | Noticed a juggernaut
 59715 | Depths:5 | Killed a juggernaut
 59765 | Depths:5 | Got a scintillating lead ring
 59766 | Depths:5 | Identified the ring "Bogul" {Slay+4 Stlth-} (You found it on level 5 of the Depths)
 59855 | Depths:5 | Paralysed by a giant eyeball for 3 turns
 59912 | Depths:5 | Reached XP level 23. HP: 160/181 MP: 38/38
 59939 | Depths:5 | Got a bound brass ring
 59940 | Depths:5 | Identified the ring of Paminocw {+/*Tele rC- MP+9 Int-3 Dex+9} (You found it on level 5 of the Depths)
 59998 | Depths:5 | Found a gate to the Realm of Zot.
 60023 | Depths:5 | Noticed a juggernaut
 60037 | Depths:5 | Killed a juggernaut
 60132 | Depths:5 | Received a gift from Yredelemnul
 60159 | Depths:5 | Got a steaming silver ring
 60160 | Depths:5 | Identified the ring "Matovij" {rElec EV+5} (You found it on level 5 of the Depths)
 60225 | Depths:5 | Found Votize's Gadget Shop.
 60243 | Depths:5 | Bought a wand of heal wounds (5) for 1134 gold pieces
 60409 | Depths:5 | Received a gift from Yredelemnul
 60519 | Depths:5 | Found Atuzuz's Antique Weapon Shoppe.
 60550 | Depths:5 | Noticed Saint Roka
 60557 | Depths:5 | Received a gift from Yredelemnul
 60571 | Depths:5 | Killed Saint Roka
 60647 | Depths:5 | Got a pair of faintly humming boots
 60648 | Depths:5 | Identified the +2 pair of boots "Luesk" {rC+ Regen+} (You found it on level 5 of the Depths)
 60726 | Depths:5 | Learned a level 2 spell: Repel Missiles
 60776 | Zot:1    | Entered Level 1 of the Realm of Zot
 60819 | Zot:1    | Reached skill level 10 in Evocations
 60890 | Zot:1    | Reached skill level 1 in Air Magic
 60899 | Zot:1    | Received a gift from Yredelemnul
 63073 | Zot:2    | Reached skill level 10 in Translocations
 63081 | Zot:2    | Received a gift from Yredelemnul
 63357 | Zot:3    | Reached XP level 24. HP: 189/189 MP: 40/40
 64713 | Zot:4    | Received a gift from Yredelemnul
 64728 | Zot:5    | Entered Level 5 of the Realm of Zot
 66379 | Depths:3 | Reached skill level 15 in Spellcasting
 66921 | Elf:3    | Received a gift from Yredelemnul
 68179 | Zot:5    | Noticed an orb of fire
 68196 | Zot:5    | Killed an orb of fire
 68215 | Zot:5    | Noticed an orb of fire
 68230 | Zot:5    | Noticed an orb of fire
 68465 | Zot:5    | Reached skill level 18 in Long Blades
 68529 | Zot:5    | Noticed an ancient lich
 68543 | Zot:5    | Killed an ancient lich
 68628 | Zot:5    | Noticed an ancient lich
 68639 | Zot:5    | Killed an orb of fire
 68656 | Zot:5    | Killed an ancient lich
 68794 | Zot:5    | Reached XP level 25. HP: 175/195 MP: 41/41
 68956 | Zot:5    | Noticed an ancient lich
 68977 | Zot:5    | Killed an ancient lich
 69196 | Zot:5    | Received a gift from Yredelemnul
 69459 | Zot:5    | Killed an orb of fire
 69670 | Zot:5    | Noticed an ancient lich
 69691 | Zot:5    | Killed an ancient lich
 69838 | Zot:5    | Received a gift from Yredelemnul
 69865 | Zot:5    | Received a gift from Yredelemnul
 69881 | Zot:5    | Got the Orb of Zot
 70462 | D:$      | Escaped with the Orb!

Action                   |  1- 3 |  4- 6 |  7- 9 | 10-12 | 13-15 | 16-18 | 19-21 | 22-24 | 25-27 || total
-------------------------+-------+-------+-------+-------+-------+-------+-------+-------+-------++-------
Melee: Long sword        |   161 |    97 |   263 |   849 |  1601 |   990 |  1609 |   741 |       ||  6311
       Scimitar          |       |       |       |    22 |    56 |   120 |   755 |       |       ||   953
       Demon blade       |       |       |       |    13 |       |   401 |    59 |  1119 |   333 ||  1925
 Cast: Repel Missiles    |       |       |       |       |       |       |       |     1 |       ||     1
       Passage of Golubr |       |       |       |       |       |       |       |     1 |     1 ||     2
       Apportation       |       |       |       |       |       |       |       |       |     2 ||     2
Invok: Animate Dead      |       |       |       |       |    10 |       |       |     3 |     2 ||    15
       Recall Undead Sla |       |       |       |       |     9 |    35 |    11 |    15 |     2 ||    72
       Enslave Soul      |       |       |       |       |     2 |       |       |       |       ||     2
       Drain Life        |       |       |       |       |       |     4 |     6 |     2 |       ||    12
       Injury Mirror     |       |       |       |       |       |     2 |     1 |       |       ||     3
       Stop Recall       |       |       |       |       |       |     1 |       |       |       ||     1
 Abil: Evoke Flight      |       |       |       |       |       |       |     3 |       |       ||     3
       Stop Flying       |       |       |       |       |       |       |     2 |       |       ||     2
       Self-Restoration  |       |       |       |       |       |       |       |     1 |     1 ||     2
Evoke: Wand              |       |       |    10 |     8 |    13 |       |    16 |    26 |    15 ||    88
       Phial of floods   |       |       |       |       |     3 |       |     1 |     5 |     1 ||    10
       Deck              |       |       |       |       |     2 |     2 |     2 |     9 |     6 ||    21
       Sack of spiders   |       |       |       |       |       |       |    10 |     6 |       ||    16
       Rod               |       |       |       |       |       |       |     5 |       |       ||     5
       Box of beasts     |       |       |       |       |       |       |       |    10 |    12 ||    22
  Use: Scroll            |    11 |     4 |    10 |    14 |    17 |    18 |    40 |    25 |     1 ||   140
 Stab: Invisible         |       |       |       |       |     3 |       |       |    14 |       ||    17
       Distracted        |       |       |       |       |    20 |    24 |    34 |    53 |     6 ||   137
       Paralysed         |       |       |       |       |     2 |     7 |    15 |       |       ||    24
       Confused          |       |       |       |       |       |       |     1 |     2 |       ||     3
       Petrified         |       |       |       |       |       |       |    12 |       |       ||    12
       Petrifying        |       |       |       |       |       |       |     6 |       |       ||     6
